 Dungeon Crawl Stone Soup version 0.31-a0-949-g57150269e1 (webtiles) character file.

Game seed: 7354968584271427460

88988 croobank the Spry (level 15, -8/74 (77) HPs)
             Began as a Felid Summoner on Oct 19, 2023.
             Was an Initiate of Gozag.
             Mangled by a skeletal warrior
             ... wielding a +0 flail
              (26 damage)
             ... on level 14 of the Dungeon on Oct 21, 2023.
             The game lasted 02:51:35 (35597 turns).

croobank the Spry (Felid Summoner)                 Turns: 35597, Time: 02:51:36

HP:   -8/74 (77)    AC:  3    Str:  4    XL:     15   Next: 48%
MP:   4/44          EV: 30    Int: 30    God:    Gozag
Gold: 5064          SH:  5    Dex: 17    Spells: 10/44 levels left
                                        Lives: 0   Deaths: 4

rFire   . . .        (weapon unavailable)
rCold   + . .        (shield unavailable)
rNeg    . . .        (body armour unavailable)
rPois   .            (helmet unavailable)
rElec   .            (cloak unavailable)
rCorr   .            (gloves unavailable)
SInv    +            (boots unavailable)
Will    ++...        p - amulet of reflection
Stlth   +++          m - ring of magical power
HPRegen 0.32/turn    y - +6 ring of intelligence
MPRegen 0.29/turn

%: reflection
@: about to teleport, gold aura, very slightly contaminated, lightly drained,
quick
A: very small, claws 1, fangs 3, see invisible, speed 1, shaggy fur 3, stealthy
paws, no weapons or thrown items, no armour, multi-lived
a: Renounce Religion, Potion Petition, Call Merchant, Bribe Branch


You were on level 14 of the Dungeon.
You worshipped Gozag.
Gozag was greatly pleased with you.
You visited 4 branches of the dungeon, and saw 22 of its levels.
You also visited: Ossuary and Ice Cave.

You collected 7165 gold pieces.
You spent 390 gold pieces at shops.
You paid 1711 gold pieces to Gozag.

Inventory:

Jewellery
 d - a ring of protection from cold
 l - a ring of poison resistance
 m - a ring of magical power (left paw)
 p - an amulet of reflection (around neck)
 w - a ring of protection from cold
 y - a +6 ring of intelligence (right paw)
 z - an amulet of magic regeneration
 E - a ring of ice
 G - a +6 ring of dexterity
 K - a ring of resist corrosion
Talismans
 e - a maw talisman
 A - a dragon-blood talisman
 H - a serpent talisman
Wands
 o - a wand of flame (2)
 x - a wand of charming (16)
 I - a wand of iceblast (4)
 O - a wand of mindburst (8)
Scrolls
 c - 3 scrolls of vulnerability
 j - a scroll of noise
 n - 5 scrolls of amnesia
 s - 3 scrolls of teleportation
 u - a scroll of poison
 D - a scroll of brand weapon
 F - a scroll of identify
 J - a scroll of revelation
 P - a scroll of fog
Potions
 a - a potion of magic
 b - 6 potions of brilliance
 f - a potion of resistance
 g - 4 potions of lignification
 h - 4 potions of cancellation
 i - 3 potions of might
 k - 2 potions of enlightenment
 q - a potion of heal wounds
 r - 5 potions of curing
 t - 6 potions of attraction
 v - a potion of haste
 L - 3 potions of invisibility
 M - 2 potions of mutation
 N - a potion of berserk rage
Miscellaneous
 B - a phial of floods
 C - a sack of spiders


   Skills:
 - Level 15.0 Fighting
 + Level 18.1 Dodging
 - Level 4.3 Stealth
 - Level 15.0 Spellcasting
 - Level 5.0 Conjurations
 - Level 5.0 Hexes
 - Level 10.0 Summonings
 - Level 5.0 Ice Magic
 - Level 7.0 Air Magic


You had 10 spell levels left.
You knew the following spells:

 Your Spells              Type           Power      Damage    Failure   Level
a - Summon Small Mammal   Summ           100%       N/A       1%          1
b - Call Imp              Summ           100%       N/A       1%          2
c - Call Canine Familiar  Summ           70%        N/A       1%          3
d - Summon Guardian Gole  Hex/Summ       61%        N/A       1%          3
e - Summon Lightning Spi  Summ/Air       65%        N/A       1%          4
f - Ozocubu's Armour      Ice            51%        N/A       1%          3
g - Searing Ray           Conj           100%       2d8       1%          2
h - Inner Flame           Hex/Fire       37%        N/A       2%          3
i - Dispel Undead         Necr           22%        3d12      21%         4
j - Iskenderun's Mystic   Conj/Tloc      37%        2d9       8%          4
k - Fireball              Conj/Fire      18%        3d9       21%         5

Your spell library contained the following spells:

 Spells                   Type           Power      Damage    Failure   Level
 Magic Dart               Conj           100%       1d8       1%          1
 Cigotuvi's Dreadful Rot  Necr/Pois/Air  72%        N/A       1%          2
 Ensorcelled Hibernation  Hex/Ice        100%       N/A       1%          2
 Jinxbite                 Hex            100%       N/A       1%          2
 Sigil of Binding         Hex            51%        N/A       1%          3
 Cause Fear               Hex            25%        N/A       2%          4
 Fulminant Prism          Conj/Hex       25%        3d13      2%          4
 Passwall                 Tmut/Erth      18%        N/A       3%          2
 Volatile Blastmotes      Fire/Tloc      44%        2d13      6%          3
 Anguish                  Hex/Necr       18%        N/A       8%          4
 Flame Wave               Conj/Fire      37%        2d10      8%          4
 Leda's Liquefaction      Hex/Erth       18%        N/A       8%          4
 Sticky Flame             Conj/Fire      37%        2d6       8%          4
 Metabolic Englaciation   Hex/Ice        25%        N/A       8%          5
 Yara's Violent Unravell  Hex/Tmut       18%        3d9       21%         5
 Lee's Rapid Deconstruct  Erth           11%        3d8*      50%         5
 Ozocubu's Refrigeration  Ice            25%        4d13      92%         7
 Death Channel            Necr           11%        N/A       97%         6
 Lehudib's Crystal Spear  Conj/Erth      18%        10d6      100%        8
 Dragon's Call            Summ           35%        N/A       100%        9
 Dimensional Bullseye     Hex/Tloc       Unusable   N/A       N/A         4

Dungeon Overview and Level Annotations

Branches:
Dungeon (14/15)            Temple (1/1) D:6            Lair (5/5) D:9
 Shoals (0/4) Lair:3        Snake (0/4) Lair:3        Slime (0/5) Lair:4
    Orc (2/2) D:11            Elf (0/3) Orc:2       Ossuary (visited)
  IceCv (visited)
 Vaults: D:13-14

Altars:
Ashenzari
Cheibriados
Dithmenos
Elyvilon
Fedhas
Gozag
Hepliaklqana
Kikubaaqudgha
Makhleb
Nemelex Xobeh
Okawaru
Qazlal
Ru
Sif Muna
Trog
Uskayaw
Vehumet
Wu Jian
Xom
Yredelemnul
Zin
The Shining One
Jiyva

Shops:
D:3 *   D:10 *   Orc:2 ![*   Lair:2 :

Portals:
Abyss: D:6

Annotations:
D:6 1 runed translucent door, 2 transporters, ChaoticPyre's ghost, novice MiBe; Crazy Yiuf
D:12 3 runed translucent doors, petzl's ghost, journeyman FoDe
Lair:2 1 runed translucent door
Lair:4 2 transporters
Lair:5 exclusion: obsidian statue


Innate Abilities, Weirdness & Mutations

You have sharp claws.
You have razor-sharp teeth.
You have supernaturally acute eyesight. (SInv)
You cover ground quickly. (Speed+)
Your thick and shaggy fur keeps you warm. (AC +3, rC+)
Your paws help you pounce on unaware monsters.
You are incapable of wielding weapons or throwing items.
You cannot wear armour.
You gain extra lives every three experience levels.


Message History

Your warg dies!
Your warg's corpse disappears in a puff of smoke!
The fiery explosion engulfs the brown ugly thing!!
The brown ugly thing dies!
The skeletal warrior closely misses you.
Casting: Dispel Undead (dangerous; 21% risk of failure)
Confirm with . or Enter, or press ? or * to list all spells.
Aiming: Dispel Undead (dangerous; 21% risk of failure)
Press: ? - help, Shift-Dir - straight line, f/p - skeletal warrior
Aim: a skeletal warrior, wielding a +0 flail (moderately damaged, 100% to hit)
You miscast Dispel Undead.
Strange energies run through your body!
You feel drained.
Your lightning spire shoots out a bolt of lightning at the efreet!
The bolt of electricity hits the efreet!
The bolt of electricity hits the efreet!!
The bolt of electricity hits your lightning spire.
Your lightning spire completely resists.
The efreet hits your lightning spire with a +4 scimitar of flaming!
The skeletal warrior is distracted by your dazzling golden aura.
The skeletal warrior is engulfed in blazing flames.
Casting: Dispel Undead (dangerous; 21% risk of failure)
Confirm with . or Enter, or press ? or * to list all spells.
Aiming: Dispel Undead (dangerous; 21% risk of failure)
Press: ? - help, Shift-Dir - straight line, f/p - skeletal warrior
Aim: a skeletal warrior, wielding a +0 flail (moderately damaged, not watching you, 100% to hit)
The skeletal warrior is no longer distracted by gold.
The skeletal warrior is dispelled!
Your lightning spire shoots out a bolt of lightning at the efreet!
The bolt of electricity hits the efreet!
The efreet dies!
The bolt of electricity hits your lightning spire.
Your lightning spire completely resists.
The skeletal warrior hits you with a +0 flail!
* * * LOW HITPOINT WARNING * * *
The skeletal warrior is engulfed in blazing flames.
As you read the scroll of teleportation, it crumbles to dust.
You feel strangely unstable.
The skeletal warrior hits you with a +0 flail!!
You die...
Your body crumbles into a pile of gold.

* *,,,***..####...........,,,,,,,
* ***,,*,########.........,,,,,,,
***,,,,..##.#####.........,,,,,,,
*,,,,,,..☼○.....§§........,,,,**,
,,,,,,,,..☼S##$.$§##......,,,****
*,,,,,,,...☼###<§$###.....,,*****
*,,,,,,,,..Z###tz8########*,,**,,
,,,,,,,,,..#####z.###### *,,,,,,,
*,,,,8,,,..###..@####### ***,,,,,
*,*,,,,,,..##......P.### **,,,,,
*,**,,,,,..##..#P....###***,,,**,
,,**,,,,,,,...##.....#***,,,,****
*****,,,*,##$.,#..PP...,,,,,,**
*,,,,****##,,.........,,,,,,**
*,,,,*,*,**,,.$.......,,,,,,,**
**,,,,,*,,,,,$........,,,,,,,,,
***,*,,,,,,,,,,,,,,,,,,,,,,,,,


You could see 2 skeletal warriors, a fire crab and a friendly lightning spire
(summoned, corroded).

Vanquished Creatures
  A centaur warrior (D:10)
  An orc high priest (Orc:2)
  Amaemon (Lair:1)
  A skeletal warrior (D:14)
  An orc knight (D:10)
  Prince Ribbit (D:6)
  A shadow (D:11)
  A water elemental (Lair:3)
  2 yaks
  A steam dragon (D:9)
  2 electric eels
  A gnoll (D:4)
  A dart slug (D:2)
  3 orcs
  An endoplasm (D:1)
  A giant cockroach (D:4)
  3 goblins
  A quokka (D:1)
  2 ball pythons
  A frilled lizard (D:3)
  2 kobolds
  An orc zombie (Ossuary)
  6 rats
36 creatures vanquished.

Vanquished Creatures (collateral kills)
  Gastronok (Lair:2)
  A dire elephant (Lair:5)
  Erolcha (D:9)
  2 hydras
  2 catoblepae
  2 boulder beetles
  A centaur warrior (D:13)
  A two-headed ogre (D:12)
  7 death yaks
  4 orc high priests
  Urug (Lair:4)
  A skyshark (Lair:3)
  A spectral anaconda (Lair:5)
  A deep troll (shapeshifter) (D:13)
  Pikel (D:9)
  A deep elf pyromancer (D:10)
  2 necromancers (Lair:5)
  3 cyclopes
  3 orc knights (Orc:2)
  8 ugly things
  3 manticores
  6 elephants
  3 black mambas
  A dire elephant skeleton (Lair:5)
  9 cane toads
  3 unseen horrors
  2 torpor snails
  7 rime drakes
  An efreet (D:14)
  4 komodo dragons
  A troll (D:11)
  A meliai (shapeshifter) (D:13)
  A snapping turtle (Lair:3)
  15 blink frogs
  A shadow (D:11)
  2 wraiths
  A vampire (D:11)
  5 basilisks
  48 yaks
  5 wyverns
  A human (Lair:2)
  A death yak simulacrum (Lair:5)
  3 wargs
  2 acid dragons
  13 water moccasins
  35 orc warriors
  A meliai simulacrum (D:9)
  5 black bears
  A sky beast (D:6)
  An elephant zombie (Lair:5)
  A tengu (shapeshifter) (D:13)
  2 elephant skeletons (Lair:5)
  4 ogres
  8 centaurs
  12 wolves
  2 phantoms (D:5)
  A lemure (D:9)
  21 bullfrogs
  6 scorpions
  A cane toad simulacrum (Lair:5)
  4 wights (D:7)
  An elephant simulacrum (IceCv)
  2 howler monkeys
  An electric eel (D:11)
  6 hounds
  3 jellies
  3 gnoll boudas
  30 orc priests
  A sleepcap (D:7)
  2 iguanas
  22 orc wizards
  A wolf simulacrum (IceCv)
  2 mummies (Ossuary)
  20 gnolls
  5 adders
  2 shadow imps
  4 white imps
  3 ufetubi (D:6)
  5 adder zombies (Ossuary)
  2 worms
  3 dart slugs
  84 orcs
  5 bats
  4 endoplasms
  2 gnoll zombies (Ossuary)
  6 hobgoblins
  4 jackals (D:3)
  11 kobolds
  A quokka (D:3)
  7 ball pythons
  5 frilled lizards
  5 goblins
  9 hobgoblin zombies (Ossuary)
  8 kobold zombies (Ossuary)
  An orc zombie (Ossuary)
  2 rats
560 creatures vanquished.

Vanquished Creatures (others)
  Rupert (Lair:4)
  3 dire elephants (Lair:5)
  3 hydras
  A tengu warrior (D:11)
  3 two-headed ogres
  5 death yaks
  An orc high priest (Orc:2)
  A skyshark (Lair:2)
  A deep elf pyromancer (D:13)
  A necromancer (Lair:5)
  3 orc knights (Orc:2)
  An ugly thing (D:14)
  A cyclops (D:11)
  A manticore (D:10)
  A centaur zombie (D:14)
  2 elephants
  A black mamba (Lair:3)
  An orange demon (Lair:1)
  2 cane toads
  Jeremiah (D:6)
  An anaconda simulacrum (IceCv)
  A freezing wraith (IceCv)
  A meliai (D:10)
  A slime creature (D:10)
  A water elemental (D:11)
  27 yaks
  5 wyverns
  2 basilisks (Lair:4)
  Edmund (D:5)
  4 water moccasins
  6 orc warriors
  An ice beast (D:6)
  A wolf (Lair:4)
  An elephant zombie (Lair:5)
  An ogre (Orc:2)
  2 centaurs (D:11)
  A lemure (D:9)
  A kobold brigand (D:6)
  A bullfrog (Lair:2)
  A scorpion (D:9)
  3 cane toad simulacra
  6 wights
  A killer bee (D:10)
  4 jellies (Lair:4)
  5 orc priests
  4 orc wizards
  A wolf simulacrum (IceCv)
  A polar bear simulacrum (IceCv)
  An ufetubus (D:6)
  5 orcs
  An endoplasm (Lair:4)
  2 kobolds (D:6)
128 creatures vanquished.

Grand Total: 724 creatures vanquished

Notes
Turn   | Place    | Note
-------+----------+-------------------------------------------
     0 | D:1      | croobank the Felid Summoner began the quest for the Orb.
     0 | D:1      | Reached XP level 1. HP: 7/7 MP: 4/4
   202 | D:1      | Reached skill level 3 in Dodging
   202 | D:1      | Reached XP level 2. HP: 11/11 MP: 6/6
   205 | D:1      | Learned a level 2 spell: Call Imp
   529 | D:1      | Reached XP level 3. HP: 14/14 MP: 3/7
   701 | D:1      | Learned a level 3 spell: Call Canine Familiar
   735 | D:1      | Found a faded altar of an unknown god.
  1743 | D:2      | Reached XP level 4. HP: 5/18 MP: 0/8
  2232 | D:3      | Reached skill level 4 in Dodging
  2353 | D:3      | Found Recyi's General Store.
  2367 | D:3      | Bought a scroll of identify for 20 gold pieces
  2467 | D:3      | Reached XP level 5. HP: 21/21 MP: 6/10
  3024 | D:3      | Identified the +1 quarterstaff of Xutor {flame, *Noise
                  | rElec rN+++ Int+4}
  3083 | D:3      | Found a shimmering blue altar of Sif Muna.
  3134 | D:4      | Reached skill level 1 in Fighting
  3584 | D:4      | Noticed a black bear
  3604 | D:4      | Killed a black bear
  3605 | D:4      | Reached skill level 5 in Summonings
  3605 | D:4      | Gained mutation: You are covered in thick fur. (AC +2)
                  | [Felid growth]
  3605 | D:4      | Reached XP level 6. HP: 24/26 MP: 2/12
  3646 | D:4      | Reached skill level 5 in Dodging
  4457 | D:4      | Reached XP level 7. HP: 31/31 MP: 1/13
  4737 | D:5      | Entered Level 5 of the Dungeon
  4865 | D:5      | Noticed Edmund
  4881 | D:5      | Reached skill level 9 in Dodging
  4881 | D:5      | Reached XP level 8. HP: 20/41 MP: 0/18
  5117 | D:5      | Learned a level 3 spell: Summon Guardian Golem
  5128 | D:5      | Killed Edmund
  5693 | D:5      | Reached skill level 1 in Hexes
  6066 | D:5      | Learned a level 4 spell: Summon Lightning Spire
  6485 | D:6      | Reached XP level 9. HP: 45/45 MP: 17/20
  6765 | D:6      | Noticed Jeremiah
  6808 | D:6      | Killed Jeremiah
  6911 | D:6      | Found a staircase to the Ecumenical Temple.
  6930 | Temple   | Entered the Ecumenical Temple
  6940 | Temple   | Became a worshipper of Gozag Ym Sagoz the Greedy
  7020 | D:6      | Found a runed translucent door.
  7021 | D:6      | Noticed Crazy Yiuf
  7190 | D:6      | Noticed Prince Ribbit
  7234 | D:6      | Killed Prince Ribbit
  7403 | D:6      | Noticed ChaoticPyre's ghost (novice MiBe)
  7405 | D:6      | Found a transporter.
  7405 | D:6      | Noticed a brown ugly thing
  7407 | D:6      | Found a one-way gate to the infinite horrors of the Abyss.
  7434 | D:6      | Reached skill level 10 in Dodging
  7528 | D:6      | Found a transporter.
  7887 | D:7      | Found a radiant altar of Vehumet.
  8000 | D:7      | Found an ornate altar of the Wu Jian Council.
  8395 | D:7      | Reached skill level 1 in Air Magic
  8478 | D:7      | Found a burning altar of Makhleb.
  8479 | D:7      | Found a sacrificial altar of Ru.
  8608 | D:7      | Reached XP level 10. HP: 27/49 MP: 8/21
  9443 | D:8      | Found a sand-covered staircase.
  9470 | Ossuary  | Entered an ossuary
 10108 | D:8      | Reached skill level 5 in Hexes
 10823 | D:9      | Noticed Erolcha
 10844 | D:9      | Killed Erolcha
 11190 | D:9      | Noticed Pikel
 11213 | D:9      | Killed Pikel
 11269 | D:9      | Reached skill level 10 in Fighting
 11466 | D:9      | Found a hide-covered altar of Uskayaw.
 11519 | D:9      | Noticed a two-headed ogre
 11541 | D:9      | Killed a two-headed ogre
 11542 | D:9      | Reached skill level 11 in Dodging
 11542 | D:9      | Reached XP level 11. HP: 54/54 MP: 12/23
 11683 | D:9      | Found a staircase to the Lair.
 11692 | D:9      | Learned a level 3 spell: Ozocubu's Armour
 12130 | D:10     | Identified the "Ynodgh"
 12130 | D:10     | Entered Level 10 of the Dungeon
 12130 | D:10     | Found a shimmering altar of Xom.
 12130 | D:10     | Found a shimmering altar of Xom.
 12130 | D:10     | Found a shimmering altar of Xom.
 12173 | D:10     | Found a shimmering altar of Xom.
 12173 | D:10     | Found a shimmering altar of Xom.
 12175 | D:10     | Found a shimmering altar of Xom.
 12176 | D:10     | Found a shimmering altar of Xom.
 12275 | D:10     | Noticed a two-headed ogre
 12284 | D:10     | Killed a two-headed ogre
 12285 | D:10     | Reached skill level 1 in Ice Magic
 12427 | D:10     | Noticed a purple ugly thing
 12454 | D:10     | Killed a purple ugly thing
 12510 | D:10     | Noticed a deep elf pyromancer
 12517 | D:10     | Killed a deep elf pyromancer
 12540 | D:10     | Noticed an orc knight
 12553 | D:10     | Killed an orc knight
 12817 | D:10     | Noticed a centaur warrior
 12821 | D:10     | Shot with an arrow by a centaur warrior
 12855 | D:10     | Noticed a two-headed ogre
 12870 | D:10     | Killed a two-headed ogre
 13092 | D:10     | Killed a centaur warrior
 13230 | D:10     | Noticed a boulder beetle
 13261 | D:10     | Found a broken altar of Ashenzari.
 13267 | D:10     | Saw a vision of the Shoals and the Snake Pit.
 13267 | D:10     | Noticed a mana viper
 13267 | D:10     | Noticed a mana viper
 13267 | D:10     | Noticed an anaconda
 13267 | D:10     | Noticed a naga ritualist
 13267 | D:10     | Killed a boulder beetle
 13267 | D:10     | Noticed a shock serpent
 13271 | D:10     | Noticed an anaconda
 13573 | D:10     | Reached skill level 12 in Dodging
 13610 | D:10     | Found Qidoijyg's General Store.
 13619 | D:10     | Bought a potion of resistance for 150 gold pieces
 13624 | D:10     | Learned a level 2 spell: Searing Ray
 14130 | D:10     | Identified the staff of Nice Watchfulness {Fly Dex+3 Earth}
 14608 | D:11     | Found a frozen archway.
 14617 | D:11     | Reached skill level 10 in Summonings
 14773 | IceCv    | Entered an ice cave
 14779 | IceCv    | Gained mutation: Your thick and shaggy fur keeps you warm.
                  | (AC +3, rC+) [Felid growth]
 14779 | IceCv    | Reached XP level 12. HP: 59/59 MP: 15/25
 15052 | D:11     | Noticed a tengu warrior
 15082 | D:11     | Killed a tengu warrior
 15170 | D:11     | Reached skill level 5 in Air Magic
 15891 | D:11     | Found a staircase to the Orcish Mines.
 16087 | Lair:1   | Entered Level 1 of the Lair of Beasts
 16108 | Lair:1   | Noticed a death yak
 16109 | Lair:1   | Noticed a death yak
 16109 | Lair:1   | Noticed a death yak
 16109 | Lair:1   | Noticed a death yak
 16164 | Lair:1   | Noticed a death yak
 16165 | Lair:1   | Noticed a death yak
 16261 | Lair:1   | You fall into a shaft and drop 1 floor!
 16927 | Lair:2   | Found a runed translucent door.
 16952 | Lair:2   | Reached skill level 10 in Spellcasting
 17475 | Lair:2   | Reached skill level 13 in Dodging
 17631 | Lair:2   | Noticed Gastronok
 17644 | Lair:2   | Killed Gastronok
 18095 | Lair:2   | Reached skill level 5 in Ice Magic
 18101 | Lair:2   | Reached XP level 13. HP: 64/64 MP: 28/28
 18879 | Lair:1   | Reached skill level 1 in Conjurations
 19534 | Lair:1   | Noticed Amaemon
 19559 | Lair:1   | Killed Amaemon
 19720 | Lair:1   | Reached skill level 14 in Dodging
 20601 | Lair:3   | Found a staircase to the Snake Pit.
 21070 | Lair:3   | Found a staircase to the Shoals.
 21108 | Lair:3   | Reached skill level 5 in Conjurations
 22116 | Lair:4   | Reached XP level 14. HP: 65/69 MP: 23/31
 22140 | Lair:4   | Found a viscous altar of Jiyva.
 22142 | Lair:4   | Found a staircase to the Slime Pits.
 22604 | Lair:4   | Found a transporter.
 22614 | Lair:4   | Noticed Urug
 22624 | Lair:4   | Killed Urug
 22723 | Lair:4   | Reached skill level 15 in Dodging
 22860 | Lair:4   | Found a transporter.
 23269 | Lair:4   | Noticed Rupert
 23286 | Lair:4   | Killed Rupert
 23361 | Lair:5   | Identified the of Ytegaod
 23361 | Lair:5   | Entered Level 5 of the Lair of Beasts
 23362 | Lair:5   | Upgraded the game from 0.31-a0-931-g7b59d4eb97 to
                  | 0.31-a0-940-gdaa99269f9
 24970 | Lair:5   | HP: 2/70 [seven-headed hydra (15)]
 24970 | Lair:5   | Mangled by a seven-headed hydra
 25403 | Lair:5   | Reached skill level 16 in Dodging
 25865 | Lair:5   | Learned a level 3 spell: Inner Flame
 26983 | D:11     | Learned a level 4 spell: Dispel Undead
 28184 | D:12     | Found a runed translucent gate.
 28185 | D:12     | Found a runed translucent gate.
 28191 | D:12     | Found a runed translucent gate.
 28191 | D:12     | Noticed petzl's ghost (journeyman FoDe)
 28397 | D:12     | Engulfed by their own flame
 29033 | D:11     | Learned a level 4 spell: Iskenderun's Mystic Blast
 29041 | Orc:1    | Entered Level 1 of the Orcish Mines
 29354 | Orc:1    | Reached XP level 15. HP: 75/75 MP: 34/34
 29902 | Orc:2    | Entered Level 2 of the Orcish Mines
 31145 | Orc:2    | Reached skill level 17 in Dodging
 31772 | Orc:2    | Reached skill level 15 in Spellcasting
 33060 | Orc:2    | Found Ryfem's Distillery.
 33063 | Orc:2    | Found Jibbeth's Armour Shoppe.
 33063 | Orc:2    | Found Vasinem's Jewellery Emporium.
 33065 | Orc:2    | Found Geafed's Assorted Antiques.
 33075 | Orc:2    | Bought a potion of invisibility for 88 gold pieces
 33075 | Orc:2    | Bought a potion of cancellation for 88 gold pieces
 33075 | Orc:2    | Bought a potion of might for 44 gold pieces
 33174 | Orc:2    | Found a staircase to the Elven Halls.
 33484 | D:13     | Upgraded the game from 0.31-a0-940-gdaa99269f9 to
                  | 0.31-a0-949-g57150269e1
 33695 | D:13     | Killed from afar by a wind drake (shapeshifter)
 33832 | D:13     | Learned a level 5 spell: Fireball
 35548 | D:14     | Reached skill level 15 in Fighting
 35572 | D:14     | Reached skill level 18 in Dodging
 35597 | D:14     | Mangled by a skeletal warrior

Illustrated notes

Levels and vault maps discovered:
D:1:      eino_arrival_cavern_c, layout_basic, ebering_ecumenical_altar_hall,
          minmay_tall_x
D:2:      minmay_kobold_bridge, layout_basic
D:3:      layout_basic, led_sif_pool, serial_shops, nicolae_square_shop,
          kennysheep_generic_room_6
D:4:      layout_loops_corners
D:5:      layout_basic, uniq_edmund
D:6:      layout_rooms, temple_fountains, gammafunk_ghost_abyssal_escape,
          corner_web_ring, uniq_jeremiah, uniq_prince_ribbit1,
          uniq_crazy_yiuf_cottage
D:7:      layout_gridville, mainiacjoe_overflow_catwalk_spiral,
          jmf_multi_god_temple, minmay_curled_crystal
D:8:      layout_loops_corners, nicolae_ossuary_entry_false_entrances
D:9:      layout_loops_ring, nicolae_uskayaw_suspiria,
          due_lair_maze_entry_diamond, uniq_pikel, uniq_erolcha
D:10:     minmay_the_grid_triangle_9x9_recursive_2
          [minmay_the_grid_triangle_9x9_prize_center,
          minmay_the_grid_triangle_9x9_skeleton,
          minmay_the_grid_triangle_9x9_warning,
          minmay_the_grid_triangle_9x9_pentomino_pain], layout_layer_cave,
          xom_redecorated, grunt_ashenzari_visionary
          [grunt_ashenzari_visionary_shoals, grunt_ashenzari_visionary_snake],
          serial_shops, nicolae_shop_competitors_out_of_business,
          serial_co_window_serial, co_window_paths_b, co_window_paths_b,
          co_window_paths_a, co_window_paths_a, co_window_paths_a,
          co_window_corner_a, co_window_paths_a, co_window_paths_b,
          co_window_corner_a, co_window_of_opportunity_b, co_window_corner_b,
          co_window_unsneaky_path_c, co_window_paths_e, glass_columns_b,
          glass_columns_c, glass_columns_a, glass_columns_c, glass_columns_b
D:11:     layout_irregular_city, erik_orc_2, portal_ice_cave_rime
D:12:     layout_loops_ring, biasface_ghost_orc_armoury, minmay_misc_feat_plants
D:13:     layout_stronghold
D:14:     layout_cave_pools, lightli_vaults_fourway_checkpoint, serial_undead,
          serial_undead_b, serial_undead_e, serial_undead_b, serial_undead_e,
          serial_undead_f, serial_undead_c, serial_undead_b
Temple:   nicolae_temple_great_sept
Lair:1:   layout_cave_shapes, minivault_24, beast_lair_carwin_3, uniq_amaemon
Lair:2:   layout_big_grid, st_stairs_13, pdpol_lair_cabin_in_the_woods,
          uniq_gastronok
Lair:3:   layout_cave_pods, minmay_shoals_entry_hut, dummy_snake_entry,
          grunt_megastairs_4
Lair:4:   gammafunk_cloud_chamber, layout_regular_city, slime_entry_2,
          kennysheep_basilisk_garden, grunt_megastairs_5,
          infiniplex_staircase_pool, uniq_urug, uniq_rupert
Lair:5:   due_jungle_book, layout_layer_cave, serial_bayou_shore_a,
          grunt_megastairs_2, lemuel_fruit_tree
Orc:1:    layout_caves, basic_altar
Orc:2:    st_orc_pillars, layout_caves

Skill      XL: |  1  2  3  4  5  6  7  8  9 10 11 12 13 14 15 |
---------------+----------------------------------------------+-----
Stealth        | 3 4 |  4.3
Dodging        | 3 4 5 9 10 11 12 13 14 16 18 | 18.1
Fighting       | 2 3 8 9 10 11 12 14 15 | 15.0
Spellcasting   | 3 6 7 8 10 12 14 15 | 15.0
Summonings     | 5 7 8 9 10 | 10.0
Hexes          | 2 4 5 |  5.0
Air Magic      | 1 3 4 6 7 |  7.0
Ice Magic      | 3 5 |  5.0
Conjurations   | 5 |  5.0

Action                     |  1- 3 |  4- 6 |  7- 9 | 10-12 | 13-15 || total
---------------------------+-------+-------+-------+-------+-------++-------
  Melee: Unarmed           |    42 |    20 |    33 |    30 |    89 ||   214
         Bite              |     2 |     1 |     3 |     4 |    23 ||    33
         Punch             |       |       |       |       |     2 ||     2
   Cast: Summon Small Mamm |    30 |    13 |    24 |    17 |    43 ||   127
         Call Imp          |     9 |    19 |    25 |    25 |    38 ||   116
         Call Canine Famil |     6 |    30 |    40 |    64 |   112 ||   252
         Summon Guardian G |       |       |    30 |    58 |   130 ||   218
         Summon Lightning  |       |       |     4 |    95 |   173 ||   272
         Searing Ray       |       |       |       |     1 |     6 ||     7
         Ozocubu's Armour  |       |       |       |     1 |     1 ||     2
         Dispel Undead     |       |       |       |       |     7 ||     7
         Fireball          |       |       |       |       |     3 ||     3
         Inner Flame       |       |       |       |       |     2 ||     2
 Invoke: Potion Petition   |       |       |       |       |     2 ||     2
         Call Merchant     |       |       |       |       |     1 ||     1
  Evoke: Wand              |       |       |     3 |    10 |     8 ||    21
         Sack of spiders   |       |       |       |     1 |     1 ||     2
         Phial of floods   |       |       |       |       |     1 ||     1
    Use: Scroll            |       |     3 |    12 |    11 |     7 ||    33
         Potion            |       |       |     1 |     6 |     6 ||    13
   Stab: Sleeping          |     7 |     7 |     2 |     5 |     2 ||    23
         Distracted        |       |       |     1 |     1 |     1 ||     3
         Betrayed ally     |       |       |       |     1 |       ||     1
         Invisible         |       |       |       |       |     1 ||     1
 Armour: Skin              |    14 |    10 |    35 |    78 |   138 ||   275
  Dodge: Dodged            |    51 |    29 |    99 |   181 |   349 ||   709
  Block: Other             |       |       |    11 |    34 |    78 ||   123
         Reflection        |       |       |       |     5 |     7 ||    12

Table legend: (Time is in decaauts)
 A = Elapsed time spent in this place.
 B = Non-inter-level travel time spent in this place.
 C = Inter-level travel time spent in this place.
 D = Time resting spent in this place.
 E = Time spent auto-exploring this place.
 F = Levels seen in this place.
 G = Mean time per level.
                   A        B        C        D        E       F      G
               +--------+--------+--------+--------+--------+-----+--------+
         Total |  32092 |  30888 |   1204 |  10012 |  11743 |  24 | 1337.2 |
       Dungeon |  17829 |  16989 |    840 |   3679 |   9066 |  14 | 1273.5 |
        Temple |     17 |      9 |      8 |      0 |      0 |   1 |   17.0 |
          Lair |   9844 |   9570 |    274 |   4024 |   2145 |   5 | 1968.8 |
  Orcish Mines |   3930 |   3850 |     80 |   2157 |    531 |   2 | 1965.0 |
       Ossuary |    290 |    290 |      0 |     67 |      0 |   1 |  290.0 |
      Ice Cave |    180 |    180 |      0 |     84 |      0 |   1 |  180.0 |
               +--------+--------+--------+--------+--------+-----+--------+

Top non-repeatable levels by time:
  Lair:5: 2496 daAuts
   Orc:2: 2309 daAuts
  Lair:2: 2259 daAuts
    D:10: 2257 daAuts
  Lair:4: 2229 daAuts
    D:11: 2093 daAuts
    D:13: 1885 daAuts
   Orc:1: 1620 daAuts
     D:5: 1574 daAuts
     D:4: 1453 daAuts
  Lair:1: 1437 daAuts
  Lair:3: 1422 daAuts
     D:7: 1335 daAuts
     D:9: 1211 daAuts
     D:8: 1116 daAuts
